 Dungeon Crawl Stone Soup version 0.31.0 (webtiles) character file.

Game seed: 1775196748472531105

37 qw the Shooter (level 3, 0/22 HPs)
             Began as a Gargoyle Hunter on Jan 19, 2024.
             Slain by Terence
             ... wielding a +1 hand axe of flaming
              (9 damage)
             ... on level 2 of the Dungeon.
             The game lasted 00:00:04 (972 turns).

qw the Shooter (Gargoyle Hunter)                     Turns: 972, Time: 00:00:04

Health: 0/22       AC:  6    Str: 14    XL:     3   Next: 39%
Magic:  3/3        EV: 11    Int:  9    God:
Gold:   121        SH:  0    Dex: 15    Spells: 2/2 levels left

rFire   . . .        a - +0 shortbow (elec)
rCold   . . .        (shield currently unavailable)
rNeg    + . .        c - +0 leather armour
rPois   inf          (no helmet)
rElec   +            (no cloak)
rCorr   .            (no gloves)
SInv    .            (no boots)
Will    .....        (no amulet)
Stlth   ++           (no ring)
HPRegen 0.23/turn    (no ring)
MPRegen 0.08/turn

%: no passive effects
@: no status effects
A: sickness immunity, AC +3, negative energy resistance 1, electricity
resistance, torment resistance 1, petrification resistance
a: no special abilities


You were on level 2 of the Dungeon.
You visited 1 branch of the dungeon, and saw 2 of its levels.

You collected 121 gold pieces.


Innate Abilities, Weirdness & Mutations

You are immune to sickness and miasma.
Your stone body is resilient. (AC +3)
You are immune to poison.
You resist negative energy. (rN+)
You are resistant to electric shocks. (rElec)
You are resistant to unholy torment.
You are immune to petrification.


   Skills:
 + Level 2.5 Fighting
 - Level 5.0 Ranged Weapons
 - Level 1.5 Dodging
 - Level 1.1 Stealth


You had 2 spell levels left.
You didn't know any spells.
Your spell library was empty.

Inventory:

Hand Weapons
 a - a +0 shortbow of electrocution (weapon)
Armour
 c - a +0 leather armour (worn)
 e - a +2 cloak
Scrolls
 b - a scroll of torment {unknown}
 d - a scroll of blinking {unknown}
Potions
 g - a potion of resistance
 h - a potion of heal wounds

Dungeon Overview and Level Annotations

Branches:
Dungeon (2/15)

Altars:

Annotations:
D:2 Terence


Message History

You shoot an arrow. The arrow hits the bat.
You kill the bat!
e - a +2 cloak You open the door.
There is an open door here.
A bat comes into view.
You shoot an arrow. The arrow hits the bat!
Lightning courses through the bat!
You kill the bat!
Terence the Incautious comes into view.
He is wielding a +1 hand axe of flaming.
You shoot an arrow.
The arrow hits Terence but does no damage.
You shoot an arrow. The arrow hits Terence!
Terence is moderately wounded.
Terence barely misses you.
You shoot an arrow.
The arrow hits Terence but does no damage.
Terence is moderately wounded.
Terence hits you with a +1 hand axe of flaming.
Terence burns you.
You shoot an arrow.
The arrow hits Terence but does no damage.
Terence is moderately wounded.
Terence hits you but does no damage.
You shoot an arrow. The arrow hits Terence.
Terence is heavily wounded.
Terence closely misses you.
You shoot an arrow. The arrow barely misses Terence.
Terence barely misses you. x2
You shoot an arrow. The arrow hits Terence.
Terence is heavily wounded.
Terence hits you with a +1 hand axe of flaming.
Terence burns you.
You shoot an arrow. The arrow hits Terence.
Terence is severely wounded.
Terence hits you with a +1 hand axe of flaming.
Terence burns you.
You shoot an arrow. The arrow closely misses Terence.
Terence hits you with a +1 hand axe of flaming!
You die...
Terence says, "Time to find some more victims."

#.##......#
#)##......##.......
#.##......##......#
....|.....# ....[.#
..........# .....#
..........# ...%#
......##### ...+
......# ###@.#
......# #..@#
......# #.#.#
......# ##.#..#
......# #..##...
#'###########.##
####
........#.....#
........#.#####
........'.#
........###


You could see Terence.

Vanquished Creatures
  2 dart slugs (D:1)
  4 bats
  3 endoplasms
  2 giant cockroaches (D:1)
  4 goblins
  3 hobgoblins (D:1)
  4 jackals (D:1)
  2 ball pythons (D:1)
  2 frilled lizards
  A kobold (D:1)
  4 rats
31 creatures vanquished.

Notes
Turn   | Place    | Note
-------+----------+-------------------------------------------
     0 | D:1      | qw the Gargoyle Hunter began the quest for the Orb.
     0 | D:1      | Reached XP level 1. HP: 12/12 MP: 1/1
     0 | D:1      | 0 ||| qw: Version: 0.3-a-132-g3d54051
     0 | D:1      | 0 ||| qw: Game counter: 357
     0 | D:1      | 0 ||| qw: Melee chars always use a shield: true
     0 | D:1      | 0 ||| qw: God list: Okawaru
     0 | D:1      | 0 ||| qw: Allow faded altars: false
     0 | D:1      | 0 ||| qw: Do Orc after clearing Dungeon:15 true
     0 | D:1      | 0 ||| qw: Do second Lair branch before Depths: true
     0 | D:1      | 0 ||| qw: Lair rune preference: random
     0 | D:1      | 0 ||| qw: Goals: Normal
     0 | D:1      | 0 ||| PLANNING D:1-11
   135 | D:1      | Reached XP level 2. HP: 17/17 MP: 2/2
   454 | D:1      | Reached XP level 3. HP: 19/21 MP: 3/3
   653 | D:1      | Reached skill level 5 in Ranged Weapons
   735 | D:1      | 735 ||| READING scroll labelled SITUDETHR CUWN.
   738 | D:1      | 738 ||| READING 2 scrolls labelled ZAESAHA JONOL.
   738 | D:1      | 738 ||| IDENTIFYING orange potion
   739 | D:1      | 739 ||| READING scroll of identify.
   739 | D:1      | 739 ||| IDENTIFYING sapphire potion
   740 | D:1      | 740 ||| READING scroll labelled MAAMETHROTZ.
   740 | D:1      | 740 ||| BRANDING +0 shortbow.
   741 | D:1      | 741 ||| READING scroll labelled VAQIJU VITIAT.
   742 | D:1      | 742 ||| DROPPING scroll of butterflies.
   963 | D:2      | Noticed Terence
   972 | D:2      | Slain by Terence

Levels and vault maps discovered:
D:1:      dpeg_arrival_ternary, layout_basic, serial_curves, eino_curves_02,
          eino_curves_03
D:2:      layout_basic, kennysheep_generic_room_8, uniq_terence

Skill      XL: |  1  2  3 |
---------------+----------+-----
Ranged Weapons | 5 |  5.0
Fighting       | |  2.5
Dodging        | |  1.5
Stealth        | |  1.1

Action                     || total
---------------------------++-------
   Fire: Shortbow          ||   101
    Use: Scroll            ||     5
 Armour: Leather armour    ||    37
  Dodge: Dodged            ||    43

Table legend:
 A = Non-vault XP
 B = Vault XP
 C = Vault XP percentage of total XP
 D = Non-vault monster count
 E = Vault monster count
 F = Vault count percentage of total count
                 A         B        C        D         E       F
            +---------+---------+-------+---------+---------+-------
      Total |      53 |       0 |   0.0 |      31 |       0 |   0.0
            +---------+---------+-------+---------+---------+-------
        D:1 |      43 |       0 |   0.0 |      24 |       0 |   0.0
        D:2 |      10 |       0 |   0.0 |       7 |       0 |   0.0
            +---------+---------+-------+---------+---------+-------
